 Dungeon Crawl Stone Soup version 0.29.1-13-g9f3cf754e1 (webtiles) character file.

Game seed: 10681623953648076798

41 BallerZ the Grave Robber (level 3, -2/26 HPs)
             Began as a Demigod Necromancer on Feb 7, 2023.
             Slain by a gnoll
             ... wielding a +0 whip
              (5 damage)
             ... on level 2 of the Dungeon.
             The game lasted 00:13:39 (1773 turns).

BallerZ the Grave Robber (Demigod Necromancer)      Turns: 1773, Time: 00:13:43

Health: -2/26      AC:  5    Str:  9    XL:     3   Next: 16%
Magic:  6/9        EV: 10    Int: 21    God:
Gold:   85         SH:  0    Dex: 14    Spells: 5/6 levels left

rFire   . . .      SeeInvis .   i - +0 war axe
rCold   . . .      Faith    .   (no shield)
rNeg    . . .      Spirit   .   f - +0 ring mail
rPois   .          Reflect  .   (no helmet)
rElec   .          Harm     .   (no cloak)
rCorr   .          Rampage  .   (no gloves)
Will    .....                   (no boots)
Stlth   +.........              (no amulet)
HPRegen 0.08/turn               (no ring)
MPRegen 0.11/turn               (no ring)

@: no status effects
A: high MP 1, forlorn, divine attributes
a: no special abilities


You were on level 2 of the Dungeon.
You visited 1 branch of the dungeon, and saw 2 of its levels.

You collected 113 gold pieces.
You spent 28 gold pieces at shops.

Inventory:

Hand Weapons
 i - a +0 war axe (weapon)
Missiles
 c - 61 stones
Armour
 a - a +0 robe
 f - a +0 ring mail (worn)
Scrolls
 e - 2 scrolls of fear
 h - a scroll of poison
 j - 2 scrolls of torment {unknown}
Potions
 b - a potion of magic
 d - a potion of mutation
 g - a potion of haste {unknown}


   Skills:
 + Level 0.1 Fighting
 + Level 0.1 Armour
 + Level 1.8 Dodging
 + Level 1.9 Stealth
 + Level 2.2 Spellcasting
 + Level 4.2 Necromancy


You had 5 spell levels left.
You knew the following spells:

 Your Spells              Type           Power      Damage    Failure   Level
a - Necrotise             Necr           80%        1d8       7%          1

Your spell library contained the following spells:

 Spells                   Type           Power      Damage    Failure   Level
 Vampiric Draining        Necr           20%        2d7       21%         3
 Blink                    Tloc           4%         N/A       52%         2
 Animate Dead             Necr           20%        N/A       56%         4
 Lesser Beckoning         Tloc           2%         N/A       77%         3
 Agony                    Necr           20%        N/A       88%         5
 Manifold Assault         Tloc           2%         N/A       100%        5


Dungeon Overview and Level Annotations

Branches:
Dungeon (2/15)

Shops:
D:1 *


Innate Abilities, Weirdness & Mutations

You have an increased reservoir of magic. (+10% MP)
You shall have no god before yourself.
Your divine heritage dramatically boosts your attributes as you level up.


Message History

[Y]es or [N]o only, please.
Memorise Blink, consuming 2 spell levels and leaving 2?
Okay, then.
Aiming: Necrotise (safe; 10% risk of failure)
Press: ? - help, Q - select action, (/) - cycle Shift-Dir - straight line, f - gnoll
Aim: a gnoll, wielding a +0 whip (chance to affect: 79%)
The gnoll writhes in agony.
Aiming: Necrotise (safe; 10% risk of failure)
Press: ? - help, Q - select action, (/) - cycle Shift-Dir - straight line, f - gnoll, p - gnoll
Aim: a gnoll, wielding a +0 flail (chance to affect: 79%)
The gnoll writhes in agony.
The gnoll attacks as you move away! The gnoll hits you but does no damage.
The gnoll closely misses you. The gnoll barely misses you.
The gnoll hits you from afar with a +0 halberd.
Aiming: Necrotise (safe; 10% risk of failure)
Press: ? - help, Q - select action, (/) - cycle Shift-Dir - straight line, f/p - gnoll
Aim: a gnoll, wielding a +0 flail (lightly wounded, chance to affect: 79%)
The gnoll writhes in agony.
The gnoll barely misses you.
You hit the gnoll.
The gnoll is severely wounded.
The gnoll barely misses you.
You hit the gnoll.
You kill the gnoll!
The gnoll closely misses you.
You have reached level 3!
Your experience leads to a dramatic increase in your attributes!
Increase (S)trength, (I)ntelligence, or (D)exterity?
You feel clever. x4
You barely miss the gnoll. The gnoll hits you but does no damage.
The gnoll hits you with a +0 whip.
You hit the gnoll.
The gnoll is moderately wounded.
The gnoll hits you from afar with a +0 halberd.
The gnoll hits you with a +0 whip.
The gnoll hits you from afar with a +0 halberd.
* * * LOW HITPOINT WARNING * * *
The gnoll hits you with a +0 whip.
You die...

#g.#
#..###########
#.............
###.#########.##
#.....# #.# ##
###.###.# #.# ..
#.g.# #.# #.# ##
#g#.###.# #.#
#@#.....# #.# #
#.####### #.# #
#.# #.# .# #.#
#.# .# #<# ##.#
.. #.# #..# #.#
#.## .#. #.####
#.# ... #....#
###.###


You could see 2 gnolls.

Vanquished Creatures
  A gnoll (D:2)
  2 ball pythons
  A bat (D:1)
  5 endoplasms (D:2)
  4 giant cockroaches
  A goblin (D:1)
  A hobgoblin (D:1)
  4 jackals (D:1)
  3 kobolds
  A rat (D:2)
23 creatures vanquished.

Vanquished Creatures (collateral kills)
  A hobgoblin (D:1)
  A kobold (D:1)
  A ball python (D:1)
  A rat (D:1)
4 creatures vanquished.

Vanquished Creatures (others)
  2 withered plants (D:1)
2 creatures vanquished.

Grand Total: 29 creatures vanquished

Notes
Turn   | Place    | Note
-------+----------+-------------------------------------------
     0 | D:1      | BallerZ the Demigod Necromancer began the quest for the
                  | Orb.
     0 | D:1      | Reached XP level 1. HP: 14/14 MP: 5/5
   393 | D:1      | Reached XP level 2. HP: 18/20 MP: 0/7
   405 | D:1      | Found Lumealewk's General Store.
   421 | D:1      | Bought a scroll of identify for 28 gold pieces
   548 | D:1      | Reached skill level 4 in Necromancy
  1772 | D:2      | Reached XP level 3. HP: 20/26 MP: 6/9
  1773 | D:2      | Slain by a gnoll

Illustrated notes

Levels and vault maps discovered:
D:1:      minmay_arrival_shattered_statue, layout_basic,
          ebering_ecumenical_altar_petrified, serial_shops,
          nicolae_lakefront_shop, item_on_display_a
D:2:      layout_loops_ring

Skill      XL: |  1  2 |
---------------+-------+-----
Spellcasting   | 2 |  2.2
Necromancy     | 4 |  4.2
Fighting       | |  0.1
Armour         | |  0.1
Dodging        | |  1.8
Stealth        | |  1.9

Action                   || total
-------------------------++-------
Melee: Unarmed           ||    30
       War axe           ||     7
       Punch             ||     1
 Cast: Necrotise         ||    47
  Use: Scroll            ||     3
Armor: Ring mail         ||    28
       Robe              ||     2
Dodge: Dodged            ||    39
